 Dungeon Crawl Stone Soup version 0.28-a0-664-gc179e30c89 (webtiles) character file.

Game seed: 10867869198447153440

24 Conn the Firebug (level 3, -1/21 HPs)
             Began as an Octopode Fire Elementalist on Oct 16, 2021.
             Slain by Natasha (10 damage)
             ... on level 2 of the Dungeon.
             The game lasted 00:02:12 (885 turns).

Conn the Firebug (Octopode Fire Elementalist)        Turns: 885, Time: 00:02:17

Health: -1/21      AC:  1    Str:  7    XL:     3   Next: 2%
Magic:  6/6        EV: 13    Int: 18    God:
Gold:   66         SH:  0    Dex: 12    Spells: 5/6 levels left

rFire   . . .      SeeInvis .   b - +0 short sword
rCold   . . .      Faith    .   (no shield)
rNeg    . . .      Spirit   .   (helmet restricted)
rPois   .          Reflect  .   (no amulet)
rElec   .          Harm     .   (no ring)
rCorr   .          Rampage  .   (no ring)
Will    .....                   (no ring)
Stlth   +++.......              (no ring)
HPRegen 0.07/turn               (no ring)
MPRegen 0.10/turn               (no ring)
                                (no ring)
                                (no ring)

@: no status effects
A: almost no armour, amphibious, 8 rings, camouflage 1, gelatinous body 1,
(nimble swimmer 1), tentacles
a: no special abilities


You were on level 2 of the Dungeon.
You visited 1 branch of the dungeon, and saw 2 of its levels.

You collected 66 gold pieces.

Inventory:

Hand Weapons
 b - a +0 short sword (weapon)
Scrolls
 a - 3 scrolls of teleportation {unknown}
 c - 2 scrolls of identify {unknown}
Potions
 e - a potion of mutation {unknown}
 f - a potion of invisibility {unknown}


   Skills:
 + Level 2.3 Dodging
 + Level 2.9 Stealth
 + Level 2.2 Spellcasting
 + Level 1.1 Conjurations
 + Level 3.6 Fire Magic


You had 5 spell levels left.
You knew the following spells:

 Your Spells              Type           Power      Damage    Failure   Level
a - Foxfire               Conj/Fire      40%        2x1d6     7%          1

Your spell library contained the following spells:

 Spells                   Type           Power      Damage    Failure   Level
 Scorch                   Fire           28%        2d6       6%          2
 Conjure Flame            Conj/Fire      10%        6-21      21%         3
 Ensorcelled Hibernation  Hex/Ice        2%         N/A       26%         2
 Sublimation of Blood     Necr           0%         N/A       26%         2
 Wereblood                Tmut           1%         N/A       26%         2
 Inner Flame              Hex/Fire       8%         N/A       26%         3
 Tukima's Dance           Hex            1%         N/A       47%         3
 Flame Wave               Conj/Fire      10%        3d4       56%         4
 Summon Hydra             Summ           0%         N/A       100%        7


Dungeon Overview and Level Annotations

Branches:
Dungeon (2/15)

Altars:

Annotations:
D:2 Natasha


Innate Abilities, Weirdness & Mutations

You cannot wear most types of armour.
You are amphibious.
You can wear up to eight rings at the same time.
Your skin changes colour to match your surroundings (Stealth+).
Your rubbery body absorbs attacks. (AC +1, EV +1)
((You are camouflaged near water. (Stealth+)))
You have tentacles for arms and can constrict up to eight enemies at once.


Message History

There is a stone staircase leading down here.
You climb downwards.
Found a stone staircase leading down.
There is a stone staircase leading up here.
Natasha is nearby!
Unknown command.
Natasha is nearby!
The helpless Natasha fails to defend herself.
You hit Natasha. You grab Natasha.
Natasha is moderately wounded.
You constrict Natasha, but do no damage.
Natasha zaps a wand.
You turn into a filthy swine.
Your +0 short sword melds into your body.
You lose your grip on Natasha.
You miss Natasha.
Natasha is moderately wounded.
Natasha barely misses you.
You hit Natasha.
Natasha is heavily wounded.
Natasha claws you.
You completely miss Natasha.
Natasha is heavily wounded.
Natasha zaps a wand.
You barely miss Natasha.
Natasha is heavily wounded.
Natasha claws you.
You closely miss Natasha.
Natasha is heavily wounded.
Natasha zaps a wand.
You resist with significant effort.
You hit Natasha but do no damage.
Natasha is heavily wounded.
Natasha mewls in sadness.
Natasha claws you!
It was a potion of cancellation.
Your magical effects are unravelling.
You feel magically purged.
Your transformation has ended.
Your +0 short sword unmelds from your body.
Natasha claws you!
You die...

############.#
..>......@h..#
######<######
#.# #.# #.#
#.# #.# #.#
#.#


You could see Natasha.

Vanquished Creatures
  3 dart slugs (D:1)
  2 endoplasms (D:1)
  2 giant cockroaches (D:1)
  A goblin (D:1)
  2 hobgoblins (D:1)
  2 kobolds (D:1)
  3 bats (D:1)
  2 frilled lizards (D:1)
  A rat (D:1)
18 creatures vanquished.

Vanquished Creatures (collateral kills)
  A foxfire (D:1)
1 creature vanquished.

Vanquished Creatures (others)
  35 foxfires (D:1)
35 creatures vanquished.

Grand Total: 54 creatures vanquished

Notes
Turn   | Place    | Note
-------+----------+-------------------------------------------
     0 | D:1      | Conn the Octopode Fire Elementalist began the quest for the
                  | Orb.
     0 | D:1      | Reached XP level 1. HP: 11/11 MP: 3/3
   159 | D:1      | Reached XP level 2. HP: 17/17 MP: 5/5
   297 | D:1      | Found a faded altar of an unknown god.
   734 | D:1      | Reached XP level 3. HP: 18/21 MP: 1/6
   875 | D:2      | Noticed Natasha
   885 | D:2      | Slain by Natasha

Illustrated notes

Levels and vault maps discovered:
D:1:      zaba_arrival_water, layout_rooms,
          ebering_ecumenical_altar_sacrificial,
          amcnicky_mini_rare_corridor_liquid
D:2:      layout_basic, basic_altar, uniq_natasha

Action                   || total
-------------------------++-------
Melee: Short sword       ||    19
       Constrict         ||     8
       Tentacles         ||     6
       Unarmed           ||    10
 Cast: Foxfire           ||    22
  Use: Potion            ||     1
 Stab: Sleeping          ||     3
Armor: Skin              ||     2
Dodge: Dodged            ||    21

Table legend: (Time is in decaauts)
 A = Elapsed time spent in this place.
 B = Non-inter-level travel time spent in this place.
 C = Inter-level travel time spent in this place.
 D = Time resting spent in this place.
 E = Time spent auto-exploring this place.
 F = Levels seen in this place.
 G = Mean time per level.
                   A        B        C        D        E       F      G
               +--------+--------+--------+--------+--------+-----+--------+
         Total |    885 |    876 |      9 |      0 |    647 |   2 |  442.5 |
       Dungeon |    885 |    876 |      9 |      0 |    647 |   2 |  442.5 |
               +--------+--------+--------+--------+--------+-----+--------+

Top non-repeatable levels by time:
     D:1: 876 daAuts
     D:2: 9 daAuts
